 Dungeon Crawl Stone Soup version 0.27.1-3-gb3d3a73c9e (webtiles) character file.

Game seed: 15002162626245163807

118 styxcanada the Sneak (level 4, -5/23 HPs)
             Began as a Spriggan Brigand on Oct 30, 2021.
             Killed by nerve-wracking pain
             ... invoked by Jessica
              (12 damage)
             ... on level 2 of the Dungeon on Oct 31, 2021.
             The game lasted 00:09:01 (3053 turns).

styxcanada the Sneak (Spriggan Brigand)             Turns: 3053, Time: 00:09:01

Health: -5/23      AC:  3    Str:  7    XL:     4   Next: 72%
Magic:  6/6        EV: 17    Int: 12    God:
Gold:   84         SH:  5    Dex: 17    Spells: 2/5 levels left

rFire    . . .     SeeInvis +   a - +2 dagger
rCold    . . .     Faith    .   l - +0 buckler
rNeg     . . .     Spirit   .   b - +0 robe
rPois    +         Reflect  .   (helmet restricted)
rElec    .         Harm     .   c - +0 cloak
rCorr    .         Rampage  .   (gloves unavailable)
Will     .....                  (boots unavailable)
Stlth    ++++......             (no amulet)
HPRegen  0.07/turn              j - ring of poison resistance
MPRegen  0.10/turn              (no ring)

@: very quick
A: very small, no large weapons, unfitting armour, see invisible, speed 3
a: no special abilities


You were on level 2 of the Dungeon.
You visited 1 branch of the dungeon, and saw 2 of its levels.

You collected 84 gold pieces.

Inventory:

Hand Weapons
 a - a +2 dagger (weapon)
 e - a +0 hunting sling
Missiles
 g - 52 stones (quivered)
 m - 2 curare-tipped darts
Armour
 b - a +0 robe (worn)
 c - a +0 cloak (worn)
 l - a +0 buckler (worn)
Jewellery
 j - a ring of poison resistance (left hand)
Scrolls
 f - a scroll of teleportation {unknown}
 i - a scroll of enchant armour {unknown}
 n - a scroll of amnesia {unknown}
Potions
 h - a potion of ambrosia {unknown}
 k - a potion of curing


   Skills:
 * Level 2.0 Fighting
 + Level 2.6 Short Blades
 + Level 0.3(1.9) Slings
 + Level 2.5 Throwing
 * Level 2.9 Dodging
 * Level 7.2 Stealth
 * Level 0.3 Shields
 * Level 1.2 Spellcasting


You had 2 spell levels left.
You knew the following spells:

 Your Spells              Type           Power      Damage    Failure   Level
a - Dazzling Flash        Conj/Hex       0%         N/A       82%         3

Your spell library contained the following spells:

 Spells                   Type           Power      Damage    Failure   Level
 Iskenderun's Mystic Bla  Conj/Tloc      0%         2d3       99%         4
 Starburst                Conj/Fire      0%         6d3       100%        6


Dungeon Overview and Level Annotations

Branches:
Dungeon (2/15)

Altars:

Shops:
D:2 =

Annotations:
D:2 Jessica


Innate Abilities, Weirdness & Mutations

You are very small and have problems with some larger weapons.
You are too small for most types of armour.
You have supernaturally acute eyesight. (SInv)
You cover ground extremely quickly. (Speed+++)


Message History

Jessica blinks!
Jessica hits you but does no damage.
Jessica points at you and mumbles some strange words.
You struggle to resist.
Jessica drinks a potion.
Jessica is healed!
Jessica looks more healthy.
Throw: 3 darts (poison)
Press: ? - help, Q - select action, (/) - cycle Shift-Dir - straight line, f/p - Jessica
Aim: Jessica, wielding a +0 dagger and wearing a +0 robe (fast, 62% to hit)
You throw a poisoned dart. The poisoned dart hits Jessica.
Jessica gestures wildly.
Jessica gestures at you while chanting. Pain shoots through your body!
Throw: 2 darts (poison)
Press: ? - help, Q - select action, (/) - cycle Shift-Dir - straight line, f/p - Jessica
Aim: Jessica, wielding a +0 dagger and wearing a +0 robe (fast, 62% to hit)
You throw a poisoned dart.
The poisoned dart closely misses Jessica.
Throw: dart (poison)
Press: ? - help, Q - select action, (/) - cycle Shift-Dir - straight line, f/p - Jessica
Aim: Jessica, wielding a +0 dagger and wearing a +0 robe (fast, 62% to hit)
You throw a poisoned dart.
The poisoned dart closely misses Jessica.
Unknown command.
Jessica points at you and mumbles some strange words.
Pain shoots through your body!
* * * LOW HITPOINT WARNING * * *
Throw: 53 stones
Press: ? - help, Q - select action, (/) - cycle Shift-Dir - straight line, f/p - Jessica
Aim: Jessica, wielding a +0 dagger and wearing a +0 robe (fast, 62% to hit)
You throw a stone. The stone hits Jessica.
Jessica is moderately wounded.
Jessica casts a spell.
Jessica blinks!
You hit Jessica but do no damage.
Jessica is lightly wounded.
You block Jessica's attack.
Jessica shouts, "You're disturbing me!
I'll have to kill you!" Jessica casts a spell at you.
Pain shoots through your body!
Ouch! That really hurt!
You die...

#.# #.#.#.##...#
#.# #.#<#.##...#
#.# #.###.##...#
#.# #.###.##...#
#.# #.#........#
#.# #.....#....#
#(# ###.###..†.#
#.# #.# #....#
#@#######.#####..#
#..@.............#
#########...###.##
..........# #.#
..........# #.#
#########.# .# ..
...


You could see Jessica (fast).

Vanquished Creatures
  Terence (D:2)
  Robin (D:2)
  An adder (D:2)
  3 dart slugs (D:1)
  8 ball pythons
  6 endoplasms
  2 giant cockroaches (D:1)
  11 goblins
  8 hobgoblins
  5 kobolds (D:1)
  5 bats
  A frilled lizard (D:1)
  7 rats
59 creatures vanquished.

Notes
Turn   | Place    | Note
-------+----------+-------------------------------------------
     0 | D:1      | styxcanada the Spriggan Brigand began the quest for the
                  | Orb.
     0 | D:1      | Reached XP level 1. HP: 10/10 MP: 2/2
   226 | D:1      | Found a faded altar of an unknown god.
   231 | D:1      | Reached skill level 6 in Stealth
   261 | D:1      | Reached XP level 2. HP: 14/14 MP: 3/3
  1124 | D:1      | Reached XP level 3. HP: 18/18 MP: 4/4
  1957 | D:2      | Noticed Robin
  1967 | D:2      | Reached skill level 7 in Stealth
  2004 | D:2      | Found Heigye's Jewellery Shoppe.
  2399 | D:2      | Killed Robin
  2400 | D:2      | Reached XP level 4. HP: 8/23 MP: 5/5
  2402 | D:2      | Noticed Terence
  2661 | D:2      | Reached skill level 1 in Spellcasting
  2674 | D:2      | Learned a level 3 spell: Dazzling Flash
  2717 | D:2      | Killed Terence
  3015 | D:2      | Noticed Jessica
  3053 | D:2      | Killed from afar by Jessica

Illustrated notes

Levels and vault maps discovered:
D:1:      dpeg_arrival_boxes_within_box, layout_basic, basic_ecumenical_altar
D:2:      layout_basic, serial_shops, shop, uniq_jessica, uniq_robin,
          uniq_terence

Skill      XL: |  1  2  3  4 |
---------------+-------------+-----
Dodging        | 2 |  2.9
Stealth        | 6 7 |  7.2
Spellcasting   | 1 |  1.2
Fighting       | 2 |  2.0
Short Blades   | |  2.6
Slings         | |  0.3
Throwing       | |  2.5
Shields        | |  0.3

Action                   |  1- 3 |  4- 6 || total
-------------------------+-------+-------++-------
Melee: Dagger            |   135 |    32 ||   167
 Fire: Hunting sling     |       |    13 ||    13
Throw: Dart              |    20 |    14 ||    34
       Stone             |       |     3 ||     3
 Stab: Sleeping          |    11 |       ||    11
Armor: Robe              |    14 |     4 ||    18
Dodge: Dodged            |    99 |    19 ||   118
Block: Buckler           |     5 |    10 ||    15
